 Dungeon Crawl Stone Soup version 0.20-a0-1122-gb7cbeb9 (webtiles) character file.

4913 nikopol the Fighter (level 10, -9/96 HPs)
             Began as a Gargoyle Berserker on May 14, 2017.
             Was a High Priest of Trog.
             Mangled by an orc warrior
             ... wielding a +0 short sword
              (12 damage)
             ... on level 9 of the Dungeon.
             The game lasted 00:18:31 (10112 turns).

nikopol the Fighter (Gargoyle Berserker)           Turns: 10112, Time: 00:18:31

Health: -9/96      AC: 21    Str: 26    XL:     10   Next: 51%
Magic:  10/10      EV: 13    Int:  8    God:    Trog [*****.]
Gold:   468        SH:  0    Dex: 12    Spells: 9/9 levels left

rFire    . . .     SeeInvis .   a - +0 war axe
rCold    + . .     Gourm    .   (no shield)
rNeg     + . .     Faith    .   e - +0 scale mail
rPois    ∞         Spirit   .   B - +0 helmet
rElec    +         Reflect  .   c - +2 cloak
rCorr    +         Harm     .   i - +0 pair of gloves
MR       .....                  (no boots)
Stlth    ..........             (no amulet)
Regen    0.3/turn               s - ring of protection from cold (curse)
MPRegen  0.2/turn               t - ring of resist corrosion

@: berserking, very quick
A: negative energy resistance 1, electricity resistance, unbreathing,
petrification resistance, rot immunity, AC +7
a: Berserk, Trog's Hand, Brothers in Arms, Burn Spellbooks, Renounce Religion


You were on level 9 of the Dungeon.
You worshipped Trog.
Trog was extremely pleased with you.
You were hungry.

You visited 1 branch of the dungeon, and saw 9 of its levels.

You collected 468 gold pieces.

Inventory:

Hand Weapons
 a - a +0 war axe (weapon)
 z - a +0 shortbow
 A - a +1 dire flail of venom
 M - a +0 hand axe
Missiles
 l - 233 arrows (quivered)
Armour
 c - a +2 cloak (worn)
 e - a +0 scale mail (worn)
 i - a +0 pair of gloves (worn)
 B - a +0 helmet (worn)
Jewellery
 o - an uncursed amulet of the gourmand {unknown}
 s - a cursed ring of protection from cold (left hand)
 t - a ring of resist corrosion (right hand)
 G - an uncursed ring of fire {unknown}
Wands
 x - a wand of iceblast (7/15)
 N - a wand of polymorph (14/24)
 P - a wand of random effects (16/48)
Scrolls
 g - a scroll of magic mapping {unknown}
 j - 8 scrolls of identify
 k - a scroll of enchant weapon {unknown}
 p - 2 scrolls of holy word {unknown}
 q - a scroll of recharging
 v - 3 scrolls of teleportation {unknown}
 w - a scroll of amnesia {unknown}
 y - 5 scrolls of remove curse
 I - a scroll of enchant armour {unknown}
 J - a scroll of immolation {unknown}
 L - a scroll of vulnerability {unknown}
 Q - a scroll of fog {unknown}
Potions
 b - a potion of might
 d - 5 potions of curing
 f - 2 potions of haste
 h - 2 potions of magic
 m - a potion of flight
 n - a potion of cancellation
 u - 3 potions of heal wounds
 F - a potion of ambrosia {unknown}
 H - a potion of brilliance {unknown}
 K - a potion of degeneration {unknown}
Comestibles
 r - 2 meat rations
 C - 4 royal jellies
 D - 4 bread rations
 E - 6 fruits


   Skills:
 + Level 8.3 Fighting
 * Level 7.9 Axes
 * Level 4.6 Bows
 + Level 8.0 Armour
 + Level 5.8 Dodging


You had 9 spell levels left.
You didn't know any spells.

Dungeon Overview and Level Annotations

Branches:
Dungeon (9/15)             Temple (0/1) D:7
   Lair: D:8-11         Orc: D:9-12

Altars:
Ashenzari
Dithmenos
Hepliaklqana
Makhleb
Okawaru
Qazlal
Sif Muna
Trog
Uskayaw
Xom
Yredelemnul


Innate Abilities, Weirdness & Mutations

You are resistant to torment.
Your stone body is resilient. (AC +7)
You are immune to poison.
You resist negative energy. (rN+)
You are resistant to electric shocks. (rElec)
You can survive without breathing.
You are immune to petrification.
You are immune to rotting.


Message History

You hit the orc warrior.
The orc warrior is heavily wounded.
You slash the orc wizard!
You kill the orc wizard!
Trog accepts your kill.
Trog appreciates your killing of a magic user.
You hit the hornet. The hornet stings you.
* * * LOW HITPOINT WARNING * * *
You closely miss the orc warrior.
The orc warrior is heavily wounded.
You hit the hornet. The hornet stings you!
* * * LOW HITPOINT WARNING * * *
The orc warrior hits you but does no damage.
You hit the orc warrior.
The orc warrior is severely wounded.
You hit the hornet.
You kill the hornet!
Trog accepts your kill.
The orc warrior hits you with a short sword!
You die...

# ........# #..# #
........# #..# #
........# #..# #
........# #..# #
........# #..# #
........# #..# #
.......)# #..# #
...((.o@# #..######
......(.########........
........................
########################


You could see an orc warrior.

Vanquished Creatures
  A two-headed ogre (D:9)
  A hornet (D:9)
  Grinder (D:2)
  A hippogriff (D:8)
  Sigmund (D:3)
  Duvessa (D:7)
  2 orc warriors
  2 phantoms
  2 black bears
  4 sky beasts
  A necrophage (D:8)
  3 ice beasts (D:5)
  An ogre (D:5)
  3 centaurs (D:7)
  Blork the orc (D:4)
  3 bullfrogs
  A wyvern skeleton (D:6)
  Dowan (D:7)
  6 crimson imps
  2 jellies
  5 hounds
  4 orc wizards
  Crazy Yiuf (D:3)
  2 gnoll shamans
  5 orc priests
  A centaur skeleton (D:7)
  Ijyb (D:3)
  2 iguanas
  6 worker ants
  A hound zombie (D:8)
  A hound skeleton (D:6)
  A worker ant zombie (D:3)
  12 adders
  13 gnolls
  4 shadow imps
  An ooze (D:4)
  2 adder zombies
  4 worms
  4 dart slugs
  3 leopard geckos
  15 orcs
  4 ball pythons
  15 bats
  4 giant cockroaches
  6 goblins
  10 hobgoblins
  17 jackals
  8 kobolds
  6 quokkas
  3 frilled lizards
  A jackal skeleton (D:6)
  7 rats
207 creatures vanquished.

Notes
Turn   | Place    | Note
-------+----------+-------------------------------------------
     0 | D:1      | nikopol the Gargoyle Berserker began the quest for the Orb.
     0 | D:1      | Reached XP level 1. HP: 14/14 MP: 1/1
   108 | D:1      | Reached XP level 2. HP: 10/19 MP: 2/2
   590 | D:1      | Reached XP level 3. HP: 22/23 MP: 3/3
   729 | D:1      | Reached ** piety under Trog
  1636 | D:2      | Found a shimmering altar of Xom.
  1796 | D:2      | Reached XP level 4. HP: 27/29 MP: 4/4
  2234 | D:2      | Found a deep blue altar of Sif Muna.
  2262 | D:3      | Noticed Grinder
  2264 | D:3      | Noticed Sigmund
  2269 | D:3      | Paralysed by Grinder for 5 turns
  2592 | D:2      | Paralysed by Grinder for 6 turns
  2606 | D:2      | Paralysed by Grinder for 4 turns
  2799 | D:2      | Paralysed by Grinder for 2 turns
  2988 | D:2      | Paralysed by Grinder for 6 turns
  3002 | D:2      | Killed Grinder
  3002 | D:2      | Reached XP level 5. HP: 16/34 MP: 5/5
  3002 | D:2      | Reached XP level 6. HP: 18/39 MP: 6/6
  3216 | D:3      | Killed Sigmund
  3216 | D:3      | Reached XP level 7. HP: 44/44 MP: 7/7
  3263 | D:3      | Found a runed door.
  3272 | D:3      | Noticed Crazy Yiuf
  3277 | D:3      | Killed Crazy Yiuf
  3277 | D:3      | Reached skill level 5 in Fighting
  3405 | D:3      | Found a stormy altar of Qazlal.
  3413 | D:3      | Noticed Ijyb
  3475 | D:3      | Killed Ijyb
  3534 | D:3      | Found a hazy altar of Hepliaklqana.
  3572 | D:3      | Found a shadowy altar of Dithmenos.
  3585 | D:3      | Found a hide-covered altar of Uskayaw.
  3650 | D:3      | Reached *** piety under Trog
  4207 | D:4      | Reached skill level 5 in Armour
  4254 | D:4      | Noticed Blork the orc
  4261 | D:4      | Killed Blork the orc
  4339 | D:4      | Reached XP level 8. HP: 30/50 MP: 8/8
  4961 | D:4      | Reached skill level 5 in Axes
  4977 | D:5      | Entered Level 5 of the Dungeon
  5399 | D:5      | Reached **** piety under Trog
  5756 | D:5      | Found a basalt altar of Yredelemnul.
  6158 | D:6      | Reached XP level 9. HP: 36/56 MP: 9/9
  7074 | D:7      | Reached skill level 5 in Dodging
  7404 | D:7      | Reached skill level 1 in Bows
  8055 | D:7      | Found a staircase to the Ecumenical Temple.
  8109 | D:7      | Found a shattered altar of Ashenzari.
  8233 | D:7      | Noticed Duvessa
  8233 | D:7      | Noticed Dowan
  8242 | D:7      | Killed Dowan
  8249 | D:7      | Killed Duvessa
  8858 | D:8      | Reached XP level 10. HP: 53/64 MP: 10/10
  9041 | D:8      | Reached ***** piety under Trog
  9514 | D:9      | Found a bloodstained altar of Trog.
  9607 | D:9      | Found a burning altar of Makhleb.
  9841 | D:9      | Noticed a two-headed ogre
  9852 | D:9      | Killed a two-headed ogre
 10020 | D:9      | Found an iron altar of Okawaru.
 10111 | D:9      | HP: 3/96 [hornet (9)]
 10112 | D:9      | Mangled by an orc warrior

Vault maps used:
D:1:      dpeg_arrival_chase
D:2:      lemuel_blue_sif_altar, tgw_xom
D:3:      old_standard_altar, lemuel_crystal_altar, overflow_temple_1_default,
          nicolae_overflow_crystal_walls, uniq_grinder, uniq_sigmund, uniq_ijyb,
          uniq_crazy_yiuf_cottage
D:4:      uniq_blork_the_orc
D:5:      yredelemnul_altar_generic, first_bread
D:6:      minmay_holes, hangedman_abyss_or_decor_stagger
D:7:      ashenzari_altar_1, minmay_temple_entry_glass, uniq_duvessa
D:8:      serial_glass, glass_columns_b, glass_columns_c
D:9:      bloody_trog, okawaru_gym_becter, kennysheep_mini_moat, orc_0_dummy

Skill      XL: |  1  2  3  4  5  6  7  8  9 10 |
---------------+-------------------------------+-----
Axes           | 3 4 5 7 |  7.9
Dodging        | 2 3 4 5 |  5.8
Armour         | 4 5 6 7 8 |  8.0
Fighting       | 4 5 6 7 8 |  8.3
Bows           | 3 4 |  4.6

Action                   |  1- 3 |  4- 6 |  7- 9 | 10-12 || total
-------------------------+-------+-------+-------+-------++-------
Melee: Hand axe          |   176 |    88 |   755 |    86 ||  1105
       War axe           |       |       |       |    77 ||    77
 Fire: Shortbow          |       |       |    49 |    81 ||   130
Invok: Berserk           |       |     5 |     3 |     1 ||     9
       Burn Spellbooks   |       |       |     1 |       ||     1
  Use: Scroll            |       |       |     8 |       ||     8
  Eat: Chunk             |     3 |     3 |    20 |     4 ||    30
       Bread ration      |       |     1 |     1 |       ||     2
Armor: Scale mail        |   129 |    50 |   400 |   113 ||   692
       Animal skin       |     2 |       |       |       ||     2
Dodge: Dodged            |   143 |    47 |   437 |   133 ||   760
